 Dungeon Crawl Stone Soup version 0.24-a0-613-g1ff6aac338 (webtiles) character file.

Game seed: 1846862277676028246, levelgen mode: deterministic

207 Peloso the Shield-Bearer (level 5, -2/47 HPs)
             Began as a Minotaur Fighter on Sept 11, 2019.
             Slain by a worker ant (6 damage)
             ... on level 3 of the Dungeon.
             The game lasted 00:04:25 (1870 turns).

Peloso the Shield-Bearer (Minotaur Fighter)         Turns: 1870, Time: 00:04:25

Health: -2/47      AC:  7    Str: 20    XL:     5   Next: 54%
Magic:  4/4        EV:  8    Int:  5    God:
Gold:   164        SH:  9    Dex: 11    Spells: 4/4 levels left

rFire    . . .     SeeInvis .   a - +1 long sword
rCold    . . .     Gourm    .   c - +0 shield
rNeg     . . .     Faith    +   b - +0 scale mail
rPois    .         Spirit   .   (helmet restricted)
rElec    .         Reflect  .   (no cloak)
rCorr    .         Harm     .   (no gloves)
MR       .....                  (no boots)
Stlth    ..........             k - amulet of faith
HPRegen  0.15/turn              (no ring)
MPRegen  0.09/turn              (no ring)

@: no status effects
A: retaliatory headbutt, horns 2
a: no special abilities


You were on level 3 of the Dungeon.
You were very hungry.

You visited 1 branch of the dungeon, and saw 4 of its levels.

You collected 164 gold pieces.

Inventory:

Hand Weapons
 a - a +1 long sword (weapon)
Armour
 b - a +0 scale mail (worn)
 c - a +0 shield (worn)
Jewellery
 g - an uncursed amulet of regeneration
 k - an amulet of faith (around neck)
Scrolls
 e - a scroll of remove curse
 i - 5 scrolls of teleportation
 l - a scroll of blinking {unknown}
 n - a scroll of magic mapping
 o - a scroll of immolation {unknown}
Potions
 d - a potion of might
 h - a potion of curing {unknown}
 j - a potion of flight {unknown}
 m - a potion of degeneration {unknown}
Comestibles
 f - 9 rations


   Skills:
 + Level 4.3 Fighting
 + Level 4.7 Long Blades
 + Level 4.6 Armour
 + Level 0.7 Dodging
 + Level 4.9 Shields


You had 4 spell levels left.
You didn't know any spells.
Your spell library was empty.

Dungeon Overview and Level Annotations

Branches:
Dungeon (4/15)
 Temple: D:4-7

Altars:
Yredelemnul

Annotations:
D:3 1 runed translucent door, bmj180's ghost, amateur HOFi


Innate Abilities, Weirdness & Mutations

You reflexively headbutt those who attack you in melee.
You have a pair of horns on your head.


Message History

* * * LOW HITPOINT WARNING * * *
Unknown command.
Okay, then.
The worker ant barely misses you.
You riposte.
You hit the worker ant.
The worker ant is moderately wounded.
You block the worker ant's attack. You block the worker ant's attack.
The worker ant completely misses you.
There is a stone staircase leading up here.
The worker ant completely misses you. You furiously retaliate!
You headbutt the worker ant, but do no damage.
You climb upwards.
Level annotation: 1 runed translucent door, bmj180's ghost, amateur HOFi
There is a stone staircase leading down here.
The worker ant bites you.
* * * LOW HITPOINT WARNING * * *
The worker ant waves its antennae.
The worker ant bites you but does no damage.
The worker ant bites you.
You die...

...+.........'.........##
###..........####...#.##
#.#.#.#...## ##.##.#
###........## ####.#
#...#.#.#..######## #.#
###........#......# #.#
#.#.#.#.##.####.# #.#
#.......##.####.###.# #
#.#.##.###...a@.....#
###.#.....##..###.#####
<....#.....#..###.#
......#...##......#
.......#.####.#####
.......#.####.#
..........>...#
......##.######
.#<..###.#


You could see a worker ant.

Vanquished Creatures
  A crimson imp (D:2)
  An iguana (D:4)
  5 adders
  2 oozes (D:1)
  An adder skeleton (D:4)
  2 worms
  A dart slug (D:2)
  A leopard gecko (D:3)
  2 orcs (D:3)
  3 ball pythons
  5 bats
  A giant cockroach (D:1)
  13 goblins
  14 hobgoblins
  13 kobolds
  A quokka (D:3)
  4 frilled lizards
  10 rats
  A spectral orc (D:3)
81 creatures vanquished.

Notes
Turn   | Place    | Note
-------+----------+-------------------------------------------
     0 | D:1      | Peloso the Minotaur Fighter began the quest for the Orb.
     0 | D:1      | Reached XP level 1. HP: 19/19 MP: 0/0
    81 | D:1      | Reached XP level 2. HP: 27/27 MP: 1/1
   198 | D:1      | Reached XP level 3. HP: 30/33 MP: 2/2
   631 | D:2      | Reached XP level 4. HP: 35/40 MP: 3/3
  1056 | D:3      | Reached XP level 5. HP: 41/46 MP: 4/4
  1128 | D:3      | Found a basalt altar of Yredelemnul.
  1589 | D:3      | Found a runed translucent door.
  1592 | D:3      | Noticed bmj180's ghost (amateur HOFi)
  1830 | D:4      | Noticed an ogre
  1861 | D:3      | HP: 2/47 [worker ant (4)]
  1870 | D:3      | Slain by a worker ant

Levels and vault maps discovered:
D:1:      tarquinn_simple_flora_water_f, layout_rooms, serial_bayou_pond_b
D:2:      layout_rooms, first_ration
D:3:      layout_loops_corners, yredelemnul_forgotten_temple_becter,
          hellmonk_ghost_happy_afterlife, serial_glass, glass_columns_b,
          glass_columns_b
D:4:      layout_gridville, grunt_temple_overflow_open, uniq_duvessa,
          uniq_sigmund

Skill      XL: |  1  2  3  4 |
---------------+-------------+-----
Shields        | 4 |  4.9
Fighting       | 4 |  4.3
Armour         | 4 |  4.6
Long Blades    | 3 4 |  4.7
Dodging        | |  0.7

Action                   |  1- 3 |  4- 6 || total
-------------------------+-------+-------++-------
Melee: Long sword        |   107 |    91 ||   198
       Headbutt          |    17 |    15 ||    32
  Use: Scroll            |     5 |       ||     5
       Potion            |     1 |       ||     1
  Eat: Chunk             |       |     2 ||     2
Armor: Scale mail        |    63 |    37 ||   100
Dodge: Dodged            |    42 |    32 ||    74
Block: Shield            |    78 |    49 ||   127
       Rpst.: Long sword |    13 |     8 ||    21

Table legend:
 A = Non-vault XP
 B = Vault XP
 C = Vault XP percentage of total XP
 D = Non-vault monster count
 E = Vault monster count
 F = Vault count percentage of total count
                 A         B        C        D         E       F
            +---------+---------+-------+---------+---------+-------
      Total |     289 |       8 |   2.7 |      76 |       5 |   6.2
            +---------+---------+-------+---------+---------+-------
        D:1 |      59 |       7 |  10.6 |      30 |       4 |  11.8
        D:2 |      99 |       0 |   0.0 |      22 |       0 |   0.0
        D:3 |      89 |       1 |   1.1 |      22 |       1 |   4.3
        D:4 |      42 |       0 |   0.0 |       2 |       0 |   0.0
            +---------+---------+-------+---------+---------+-------
